General information
			
			
        
        - name: BNet
 
        - type: Ladder team game (AT/RT)
 
        - host: Battle.net
 
        - saver: kunt.roII
 
        
map: Monsoon 
        - players: 6
 
        - length: 88:59
 
        - speed: Fast
 - version: 1.22 W3XP
 - replay type:  Public
 
» download(553 KB)
Players
        team 1 (winner) 
              
              
Gobiner (
teal | 39 APM | 3491 actions | 88:58)
              
 10 Blademaster 
 3 Wind Walk
 3 Critical Strike
 1 Bladestorm
 3 Mirror Image
 
                » actions 
                
                | Assign group hotkey | 29 |  | 
| Basic commands | 27 |  | 
| Build / train | 107 |  | 
| ESC pressed | 4 |  | 
| Enter build submenu | 58 |  | 
| Enter hero's abilities submenu | 10 |  | 
| Give item / drop item | 6 |  | 
| Right click | 1681 |  | 
| Select / deselect | 506 |  | 
| Select group hotkey | 603 |  | 
| Use ability | 460 |  | 
                3491 total
 » units 
                » upgrades
                
                | Liquid Fire | 1 |  | 
| Ranged Weapons | 3 |  | 
| Troll Regeneration | 1 |  | 
| Reinforced Defenses | 1 |  | 
| Spiked Barricades | 1 |  | 
| Armor | 1 |  | 
                8 total
 » buildings
                
                | Altar of Storms | 3 |  | 
| Orc Burrow | 9 |  | 
| War Mill | 2 |  | 
| Voodoo Lounge | 4 |  | 
| Watch Tower | 28 |  | 
| Stronghold | 1 |  | 
| Fortress | 4 |  | 
| Beastiary | 6 |  | 
| Great Hall | 2 |  | 
| Barracks | 1 |  | 
                60 total
 » build order
                00:07 Altar of Storms
00:17 Orc Burrow
00:28 War Mill
01:14 Voodoo Lounge
01:51 Watch Tower
02:09 Orc Burrow
02:33 Watch Tower
03:10 Watch Tower
03:40 Watch Tower
04:58 Watch Tower
04:59 Watch Tower
05:03 Stronghold
06:02 Voodoo Lounge
06:37 Voodoo Lounge
06:41 Watch Tower
06:42 Watch Tower
07:14 Orc Burrow
07:15 Orc Burrow
07:24 Fortress
07:25 Fortress
07:25 Fortress
07:27 Beastiary
07:29 Beastiary
07:56 Watch Tower
07:57 Watch Tower
09:27 Watch Tower
09:28 Watch Tower
09:52 Voodoo Lounge
10:06 Great Hall
10:55 Watch Tower
10:58 Watch Tower
12:07 Watch Tower
13:02 Barracks
13:25 Watch Tower
13:27 Watch Tower
14:30 Watch Tower
14:35 Watch Tower
16:16 Watch Tower
16:17 Watch Tower
16:18 Watch Tower
21:13 Watch Tower
21:14 Watch Tower
22:06 Beastiary
25:34 Watch Tower
25:37 Watch Tower
26:39 Watch Tower
26:43 Watch Tower
30:26 Beastiary
30:27 Beastiary
30:58 Beastiary
31:08 War Mill
33:33 Orc Burrow
34:45 Orc Burrow
35:53 Altar of Storms
36:12 Great Hall
37:31 Orc Burrow
38:33 Orc Burrow
38:41 Orc Burrow
39:42 Altar of Storms
» items
                
                | Boots of Speed | 1 |  | 
| Staff of Teleportation | 1 |  | 
| Dust of Appearance | 1 |  | 
| Lesser Clarity Potion | 7 |  | 
| Healing Salve | 2 |  | 
| Orb of Lightning | 1 |  | 
| Circlet of Nobility | 1 |  | 
| Potion of Lesser Invulnerability | 4 |  | 
| Mechanical Critter | 5 |  | 
                23 total
  
               
              
              
kunt.roII (
orange | 123 APM | 10987 actions | 88:59)
              
 8 Archmage 
 3 Blizzard
 3 Brilliance Aura
 1 Mass Teleport
 1 Summon Water Elemental
 8 Mountain King 
 3 Storm Bolt
 3 Bash
 1 Avatar
 1 Thunder Clap
 8 Paladin 
 3 Holy Light
 3 Divine Shield
 2 Devotion Aura
 
                » actions 
                
                | Assign group hotkey | 67 |  | 
| Basic commands | 67 |  | 
| Build / train | 170 |  | 
| ESC pressed | 16 |  | 
| Enter build submenu | 80 |  | 
| Enter hero's abilities submenu | 24 |  | 
| Give item / drop item | 19 |  | 
| Right click | 4473 |  | 
| Select / deselect | 654 |  | 
| Select group hotkey | 4616 |  | 
| Use ability | 801 |  | 
                10987 total
 » units 
                
                | Peasant | 18 |  | 
| Priest | 5 |  | 
| Sorceress | 4 |  | 
| Dragonhawk Rider | 13 |  | 
| Gryphon Rider | 5 |  | 
                45 total
 » upgrades
                
                | Masonry | 3 |  | 
| Lumber Harvesting | 2 |  | 
| Magic Sentry | 1 |  | 
| Sorceress Training | 1 |  | 
| Armor | 3 |  | 
| Animal War Training | 1 |  | 
| Priest Training | 2 |  | 
| Cloud | 1 |  | 
| Swords | 1 |  | 
| Storm Hammers | 1 |  | 
                16 total
 » buildings
                
                | Altar of Kings | 2 |  | 
| Farm | 11 |  | 
| Lumber Mill | 1 |  | 
| Scout Tower | 65 |  | 
| Arcane Tower | 5 |  | 
| Guard Tower | 31 |  | 
| Keep | 1 |  | 
| Town Hall | 1 |  | 
| Castle | 1 |  | 
| Arcane Vault | 2 |  | 
| Arcane Sanctum | 1 |  | 
| Gryphon Aviary | 2 |  | 
| Barracks | 1 |  | 
| Blacksmith | 1 |  | 
                125 total
 » build order
                00:10 Altar of Kings
00:12 Altar of Kings
00:32 Farm
00:55 Lumber Mill
01:04 Farm
01:32 Scout Tower
01:59 Arcane Tower
02:00 Arcane Tower
02:01 Scout Tower
02:16 Farm
02:21 Scout Tower
02:31 Scout Tower
02:32 Scout Tower
02:33 Guard Tower
03:08 Scout Tower
03:09 Scout Tower
03:31 Guard Tower
04:07 Guard Tower
04:08 Scout Tower
04:08 Scout Tower
04:33 Keep
04:42 Guard Tower
04:42 Guard Tower
04:44 Scout Tower
04:45 Scout Tower
06:04 Town Hall
06:44 Scout Tower
07:42 Scout Tower
07:54 Castle
08:02 Guard Tower
08:38 Guard Tower
08:38 Guard Tower
08:40 Scout Tower
09:09 Scout Tower
09:10 Scout Tower
09:24 Guard Tower
09:53 Scout Tower
09:53 Scout Tower
09:54 Scout Tower
09:55 Scout Tower
10:06 Guard Tower
10:06 Guard Tower
10:56 Guard Tower
10:56 Guard Tower
10:58 Scout Tower
10:58 Scout Tower
10:59 Scout Tower
11:00 Scout Tower
11:07 Arcane Vault
11:07 Arcane Vault
11:18 Scout Tower
12:13 Arcane Sanctum
12:16 Scout Tower
12:16 Scout Tower
12:17 Scout Tower
12:27 Arcane Tower
12:35 Arcane Tower
13:41 Guard Tower
14:36 Guard Tower
16:00 Scout Tower
16:01 Scout Tower
16:50 Guard Tower
16:54 Scout Tower
16:54 Scout Tower
17:01 Guard Tower
19:28 Guard Tower
19:29 Guard Tower
20:56 Gryphon Aviary
20:58 Barracks
21:00 Blacksmith
21:05 Farm
21:06 Farm
25:48 Scout Tower
25:49 Scout Tower
30:28 Gryphon Aviary
31:23 Scout Tower
31:23 Scout Tower
31:24 Scout Tower
31:26 Scout Tower
31:26 Scout Tower
31:27 Scout Tower
31:28 Scout Tower
32:03 Scout Tower
32:04 Scout Tower
32:05 Scout Tower
32:05 Scout Tower
32:06 Scout Tower
32:07 Guard Tower
32:18 Farm
32:19 Farm
32:19 Farm
32:20 Farm
34:51 Guard Tower
34:51 Guard Tower
37:39 Scout Tower
37:40 Scout Tower
37:41 Scout Tower
37:42 Scout Tower
37:42 Scout Tower
37:55 Farm
37:58 Farm
38:39 Guard Tower
38:41 Scout Tower
38:47 Scout Tower
38:48 Scout Tower
38:48 Scout Tower
38:49 Scout Tower
38:50 Scout Tower
38:50 Scout Tower
39:36 Guard Tower
39:50 Guard Tower
58:13 Scout Tower
58:14 Scout Tower
58:15 Scout Tower
58:16 Scout Tower
58:17 Scout Tower
58:18 Scout Tower
58:48 Guard Tower
» items
                
                | Boots of Speed | 4 |  | 
| Staff of Teleportation | 3 |  | 
| Healing Salve | 3 |  | 
| Lesser Clarity Potion | 4 |  | 
| Circlet of Nobility | 5 |  | 
| Scroll of Speed | 1 |  | 
| Staff of Sanctuary | 3 |  | 
| Scroll of Regeneration | 1 |  | 
| Orb of Lightning | 3 |  | 
| Potion of Mana | 3 |  | 
| Scroll of Town Portal | 2 |  | 
| Potion of Healing | 2 |  | 
| Potion of Lesser Invulnerability | 2 |  | 
| Periapt of Vitality | 1 |  | 
                37 total
  
               
              
              
MrFrosty (
purple | 71 APM | 6319 actions | 88:58)
              
 10 Mountain King 
 3 Storm Bolt
 3 Bash
 1 Avatar
 3 Thunder Clap
 
                » actions 
                
                | Assign group hotkey | 27 |  | 
| Basic commands | 31 |  | 
| Build / train | 113 |  | 
| ESC pressed | 3 |  | 
| Enter build submenu | 35 |  | 
| Enter hero's abilities submenu | 9 |  | 
| Give item / drop item | 8 |  | 
| Remove unit from queue | 1 |  | 
| Right click | 3793 |  | 
| Select / deselect | 850 |  | 
| Select group hotkey | 1121 |  | 
| Use ability | 328 |  | 
                6319 total
 » units 
                
                | Peasant | 36 |  | 
| Priest | 2 |  | 
| Sorceress | 1 |  | 
| Dragonhawk Rider | 12 |  | 
                51 total
 » upgrades
                
                | Masonry | 2 |  | 
| Lumber Harvesting | 1 |  | 
| Magic Sentry | 1 |  | 
| Priest Training | 1 |  | 
| Sorceress Training | 1 |  | 
                6 total
 » buildings
                
                | Altar of Kings | 2 |  | 
| Farm | 10 |  | 
| Scout Tower | 19 |  | 
| Lumber Mill | 1 |  | 
| Arcane Tower | 2 |  | 
| Guard Tower | 9 |  | 
| Town Hall | 2 |  | 
| Arcane Vault | 3 |  | 
| Keep | 1 |  | 
| Arcane Sanctum | 2 |  | 
| Gryphon Aviary | 4 |  | 
                55 total
 » build order
                00:07 Altar of Kings
00:19 Farm
00:40 Scout Tower
01:06 Lumber Mill
01:10 Arcane Tower
01:25 Scout Tower
01:36 Farm
02:08 Guard Tower
02:12 Scout Tower
02:39 Guard Tower
02:41 Scout Tower
04:01 Guard Tower
04:02 Scout Tower
04:04 Scout Tower
04:51 Town Hall
04:54 Arcane Vault
05:08 Guard Tower
06:31 Scout Tower
06:34 Scout Tower
06:35 Scout Tower
06:38 Scout Tower
06:39 Scout Tower
06:56 Guard Tower
06:58 Scout Tower
08:02 Guard Tower
08:30 Arcane Tower
08:31 Scout Tower
09:04 Guard Tower
10:50 Town Hall
12:07 Keep
12:40 Scout Tower
12:41 Scout Tower
12:42 Scout Tower
12:44 Scout Tower
12:45 Scout Tower
13:10 Scout Tower
13:38 Guard Tower
15:24 Guard Tower
15:28 Arcane Sanctum
16:08 Arcane Vault
21:52 Altar of Kings
21:54 Arcane Sanctum
21:56 Gryphon Aviary
21:57 Gryphon Aviary
22:04 Gryphon Aviary
22:06 Gryphon Aviary
23:24 Farm
23:25 Farm
23:26 Farm
23:27 Farm
23:51 Farm
24:18 Arcane Vault
24:23 Farm
24:24 Farm
24:25 Farm
» items
                
                | Boots of Speed | 1 |  | 
| Staff of Teleportation | 1 |  | 
| Healing Salve | 4 |  | 
| Lesser Clarity Potion | 13 |  | 
| Scroll of Speed | 1 |  | 
| Orb of Lightning | 1 |  | 
| Potion of Mana | 4 |  | 
| Scroll of Town Portal | 3 |  | 
| Potion of Healing | 1 |  | 
| Potion of Lesser Invulnerability | 2 |  | 
                31 total
  
               team 2 (loser) 
              
              
APM600 (
blue | 73 APM | 6503 actions | 88:58)
              
 7 Death Knight 
 3 Death Coil
 3 Unholy Aura
 1 Animate Dead
 7 Lich 
 3 Frost Nova
 3 Frost Armor
 1 Death and Decay
 6 Crypt Lord 
 3 Impale
 2 Spiked Carapace
 1 Locust Swarm
 
                » actions 
                
                | Assign group hotkey | 73 |  | 
| Basic commands | 352 |  | 
| Build / train | 183 |  | 
| Enter build submenu | 50 |  | 
| Enter hero's abilities submenu | 20 |  | 
| Give item / drop item | 3 |  | 
| Remove unit from queue | 14 |  | 
| Right click | 2563 |  | 
| Select / deselect | 742 |  | 
| Select group hotkey | 2189 |  | 
| Use ability | 314 |  | 
                6503 total
 » units 
                
                | Acolyte | 43 |  | 
| Ghoul | 3 |  | 
| Crypt Fiend | 33 |  | 
| Obsidian Statue | 5 |  | 
| Frost Wyrm | 14 |  | 
| Banshee | 7 |  | 
| Necromancer | -2 |  | 
                103 total
 » upgrades
                
                | Creature Attack | 4 |  | 
| Burrow | 1 |  | 
| Web | 1 |  | 
| Freezing Breath | 1 |  | 
| Creature Carapace | 3 |  | 
| Cannibalize | 0 |  | 
| Banshee Training | 1 |  | 
                11 total
 » buildings
                
                | Crypt | 1 |  | 
| Graveyard | 1 |  | 
| Altar of Darkness | 1 |  | 
| Ziggurat | 37 |  | 
| Tomb of Relics | 1 |  | 
| Nerubian Tower | 3 |  | 
| Halls of the Dead | 1 |  | 
| Slaughterhouse | 1 |  | 
| Black Citadel | 1 |  | 
| Sacrificial Pit | 1 |  | 
| Boneyard | 1 |  | 
| Spirit Tower | 6 |  | 
| Necropolis | 7 |  | 
| Temple of the Damned | 2 |  | 
                64 total
 » build order
                00:10 Crypt
00:15 Graveyard
00:45 Altar of Darkness
00:59 Ziggurat
01:36 Tomb of Relics
02:03 Ziggurat
03:17 Nerubian Tower
04:05 Halls of the Dead
04:43 Ziggurat
06:33 Slaughterhouse
08:18 Black Citadel
09:16 Sacrificial Pit
10:40 Boneyard
11:00 Ziggurat
12:36 Ziggurat
14:19 Ziggurat
15:08 Spirit Tower
17:07 Ziggurat
19:35 Ziggurat
19:36 Ziggurat
19:37 Ziggurat
21:29 Ziggurat
21:29 Ziggurat
21:32 Necropolis
21:33 Ziggurat
23:28 Nerubian Tower
23:30 Spirit Tower
31:51 Necropolis
31:59 Necropolis
32:06 Necropolis
32:10 Necropolis
35:41 Ziggurat
35:41 Ziggurat
35:42 Ziggurat
35:42 Ziggurat
37:06 Necropolis
37:36 Necropolis
39:45 Ziggurat
39:46 Ziggurat
39:46 Ziggurat
39:47 Ziggurat
41:32 Nerubian Tower
41:34 Spirit Tower
42:10 Ziggurat
42:12 Ziggurat
42:15 Ziggurat
42:19 Ziggurat
42:21 Ziggurat
43:22 Ziggurat
43:23 Ziggurat
43:24 Ziggurat
43:24 Ziggurat
43:25 Ziggurat
43:27 Ziggurat
43:29 Ziggurat
44:25 Ziggurat
44:26 Ziggurat
44:26 Ziggurat
44:29 Spirit Tower
45:33 Spirit Tower
63:59 Temple of the Damned
64:30 Temple of the Damned
75:11 Ziggurat
75:14 Spirit Tower
» items
                
                | Rod of Necromancy | 2 |  | 
| Orb of Corruption | 1 |  | 
| Scroll of Town Portal | 5 |  | 
| Potion of Lesser Invulnerability | 1 |  | 
                9 total
  
               
              
              
DaRkCoNsPiRaCy (
red | 42 APM | 3309 actions | 79:20)
              
 8 Tauren Chieftain 
 3 Shockwave
 3 Endurance Aura
 1 Reincarnation
 1 War Stomp
 
                » actions 
                
                | Assign group hotkey | 78 |  | 
| Basic commands | 2 |  | 
| Build / train | 140 |  | 
| Enter build submenu | 24 |  | 
| Enter hero's abilities submenu | 8 |  | 
| Give item / drop item | 2 |  | 
| Remove unit from queue | 4 |  | 
| Right click | 1786 |  | 
| Select / deselect | 879 |  | 
| Select group hotkey | 268 |  | 
| Use ability | 117 |  | 
                3309 total
 » units 
                
                | Peon | 38 |  | 
| Grunt | 10 |  | 
| Demolisher | 8 |  | 
| Tauren | 10 |  | 
| Troll Batrider | 21 |  | 
| Wind Rider | 12 |  | 
                99 total
 » upgrades
                
                | Berserker Strength | 1 |  | 
| Armor | 1 |  | 
| Burning Oil | 1 |  | 
| Pulverize | 2 |  | 
| Liquid Fire | 1 |  | 
| Envenomed Spears | 1 |  | 
| Ranged Weapons | 1 |  | 
| Ensnare | 0 |  | 
                8 total
 » buildings
                
                | Altar of Storms | 1 |  | 
| Orc Burrow | 7 |  | 
| Barracks | 2 |  | 
| Voodoo Lounge | 1 |  | 
| Stronghold | 1 |  | 
| War Mill | 1 |  | 
| Fortress | 1 |  | 
| Tauren Totem | 2 |  | 
| Beastiary | 2 |  | 
| Watch Tower | 1 |  | 
| Great Hall | 3 |  | 
                22 total
 » build order
                00:07 Altar of Storms
00:17 Orc Burrow
01:23 Barracks
01:24 Barracks
01:46 Orc Burrow
02:00 Voodoo Lounge
03:07 Orc Burrow
05:18 Stronghold
06:34 War Mill
06:37 Orc Burrow
08:51 Fortress
08:59 Orc Burrow
10:54 Orc Burrow
11:22 Tauren Totem
11:23 Tauren Totem
13:20 Beastiary
13:49 Beastiary
16:31 Watch Tower
25:18 Orc Burrow
30:26 Great Hall
34:53 Great Hall
38:08 Great Hall
» items
                
                | Healing Salve | 2 |  | 
| Scroll of Speed | 1 |  | 
| Orb of Lightning | 1 |  | 
| Tiny Great Hall | 2 |  | 
| Scroll of Town Portal | 2 |  | 
| Dust of Appearance | 1 |  | 
| Potion of Healing | 3 |  | 
| Potion of Lesser Invulnerability | 3 |  | 
| Scroll of Protection | 1 |  | 
| Scroll of Healing | 1 |  | 
| Staff of Sanctuary | 1 |  | 
                18 total
  
               
              
              
ST.LOUIS.RAMS (
green | 72 APM | 5631 actions | 77:52)
              
 6 Archmage 
 2 Summon Water Elemental
 2 Brilliance Aura
 1 Blizzard
 1 Mass Teleport
 5 Mountain King 
 3 Storm Bolt
 2 Thunder Clap
 2 Beastmaster 
 1 Summon Quilbeast
 1 Summon Hawk
 
                » actions 
                
                | Assign group hotkey | 249 |  | 
| Basic commands | 8 |  | 
| Build / train | 246 |  | 
| Enter build submenu | 52 |  | 
| Enter hero's abilities submenu | 13 |  | 
| Give item / drop item | 3 |  | 
| Right click | 2456 |  | 
| Select / deselect | 1302 |  | 
| Select group hotkey | 901 |  | 
| Use ability | 401 |  | 
                5631 total
 » units 
                
                | Peasant | 29 |  | 
| Footman | 15 |  | 
| Gnoll Warden | 1 |  | 
| Gnoll Brute | 1 |  | 
| Ogre Magi | 1 |  | 
| Dragonhawk Rider | 60 |  | 
| Gryphon Rider | 11 |  | 
| Siege Engine | 23 |  | 
| Flying Machine | 4 |  | 
| Mortar Team | 2 |  | 
                147 total
 » upgrades
                
                | Defend | 2 |  | 
| Masonry | 3 |  | 
| Swords | 4 |  | 
| Armor | 4 |  | 
| Lumber Harvesting | 2 |  | 
| Cloud | 1 |  | 
| Barrage | 1 |  | 
| Plating | 1 |  | 
                18 total
 » buildings
                
                | Farm | 15 |  | 
| Altar of Kings | 1 |  | 
| Barracks | 1 |  | 
| Scout Tower | 14 |  | 
| Arcane Tower | 7 |  | 
| Lumber Mill | 1 |  | 
| Arcane Vault | 1 |  | 
| Town Hall | 4 |  | 
| Guard Tower | 11 |  | 
| Keep | 1 |  | 
| Blacksmith | 1 |  | 
| Gryphon Aviary | 5 |  | 
| Castle | 2 |  | 
| Workshop | 2 |  | 
                66 total
 » build order
                00:07 Farm
00:09 Altar of Kings
00:22 Barracks
00:50 Farm
01:28 Scout Tower
01:56 Farm
02:00 Arcane Tower
02:01 Arcane Tower
02:51 Lumber Mill
03:05 Farm
03:30 Arcane Vault
04:15 Town Hall
04:18 Scout Tower
04:21 Scout Tower
04:53 Arcane Tower
05:09 Guard Tower
06:28 Keep
07:31 Blacksmith
09:20 Gryphon Aviary
09:52 Gryphon Aviary
09:57 Gryphon Aviary
10:03 Gryphon Aviary
10:48 Castle
10:49 Castle
11:01 Farm
13:03 Farm
13:32 Farm
14:11 Farm
14:35 Farm
15:59 Gryphon Aviary
20:48 Town Hall
21:24 Scout Tower
21:25 Scout Tower
21:26 Scout Tower
21:28 Scout Tower
21:30 Scout Tower
23:49 Workshop
25:27 Guard Tower
25:33 Arcane Tower
25:33 Arcane Tower
25:46 Guard Tower
25:53 Scout Tower
26:41 Guard Tower
27:13 Farm
27:14 Farm
34:41 Town Hall
36:05 Scout Tower
36:07 Scout Tower
36:10 Scout Tower
36:55 Guard Tower
36:55 Guard Tower
37:01 Arcane Tower
37:19 Guard Tower
37:19 Guard Tower
37:37 Scout Tower
37:39 Scout Tower
38:29 Guard Tower
43:44 Farm
43:51 Farm
43:54 Farm
44:00 Farm
59:43 Town Hall
63:30 Workshop
» items
                
                | Scroll of Regeneration | 6 |  | 
| Lesser Clarity Potion | 2 |  | 
| Potion of Healing | 4 |  | 
| Scroll of Healing | 3 |  | 
| Scroll of Protection | 1 |  | 
| Potion of Lesser Invulnerability | 5 |  | 
| Scroll of Town Portal | 2 |  | 
| Orb of Fire | 2 |  | 
| Staff of Sanctuary | 2 |  | 
| Potion of Invisibility | 1 |  | 
| Mechanical Critter | 1 |  | 
                29 total
  
                Chat log
          (00:06 / All) kunt.roII: GL n HF
(00:22 / All) kunt.roII: what were ur races i forget
(01:43 / All) kunt.roII: garg feed is good strat
(01:51 / All) kunt.roII: u should try it sometime
(01:56 / All) APM600: turn mh off pls
(02:03 / All) kunt.roII: i dont know how
(02:04 / All) kunt.roII: its a virus
(02:08 / All) kunt.roII: wont let me uninstall
(02:15 / All) APM600: alt qq
(02:22 / All) kunt.roII: hmm
(02:23 / All) kunt.roII: doesnt work
(04:00 / Allies) kunt.roII: gob
(05:18 / Allies) kunt.roII: lots of tower
(05:19 / Allies) kunt.roII: less tech
(07:33 / All) kunt.roII: LOL WAHT
(09:25 / All) kunt.roII: nice
(10:36 / All) kunt.roII: ur good
(10:46 / All) ST.LOUIS.RAMS: any 1v1 anyday
(10:50 / All) kunt.roII: lmao
(19:06 / Allies) kunt.roII: gg frosty main
(19:14 / Allies) kunt.roII: get
(19:17 / Allies) kunt.roII: a 2nd hero
(19:23 / All) APM600: leave pls
(19:26 / All) kunt.roII: lmao.
(19:37 / Allies) Gobiner: lumb
(19:38 / All) ST.LOUIS.RAMS: counter to many dumb strats
(20:19 / Allies) Gobiner: lumber please
(24:31 / Allies) kunt.roII: jesus
(24:32 / Allies) kunt.roII: christ
(24:33 / Allies) kunt.roII: gobineru faggot
(24:41 / Allies) kunt.roII: stop making bases with 1 entrance
(24:46 / Allies) kunt.roII: and having peons patroling that entrance
(24:51 / Allies) kunt.roII: shades
(25:21 / Allies) MrFrosty: tt
(26:09 / Allies) kunt.roII: more bat
(26:54 / Allies) kunt.roII: oh god lmao
(26:57 / All) kunt.roII: ahhahahahahahhaah'
(27:17 / All) APM600: how cute
(27:22 / All) APM600: they think they arent 50% fail
(27:28 / All) kunt.roII: hmm ?  ??
(27:30 / All) Gobiner: phail....
(27:50 / Allies) kunt.roII: so many hawks
(28:43 / Allies) kunt.roII: tnanks for  base boginer
(29:15 / Allies) kunt.roII: gobiner
(29:18 / Allies) kunt.roII: if we lose this
(29:50 / Allies) kunt.roII: tarvern rivvie gogbiner
(29:58 / Allies) kunt.roII: why thne fuck
(30:00 / Allies) kunt.roII: did you use your bats
(30:03 / Allies) kunt.roII: on fucking wyverns
(30:42 / Allies) kunt.roII: NO
(30:46 / Allies) kunt.roII: i need it to make units
(30:48 / Allies) kunt.roII: that arent worthless
(30:51 / Allies) kunt.roII: (anything you control)
(31:10 / Allies) MrFrosty: 6 lich
(31:15 / Allies) kunt.roII: 7 tc
(31:17 / Allies) kunt.roII: or sometthing gay
(31:18 / Allies) MrFrosty: yeah
(34:10 / Allies) kunt.roII: nice afk bats gobiner
(34:11 / Allies) kunt.roII: thanks
(34:16 / Allies) kunt.roII: glad i have to use them for u
(35:55 / Allies) MrFrosty: few hundred gold
(36:04 / Allies) Gobiner: some lumber for an expo
(36:51 / Allies) MrFrosty: scan plz
(41:38 / All) Gobiner: nice sheep
(45:41 / All) APM600: i have 8k gold
(45:44 / All) kunt.roII: damn
(45:46 / All) kunt.roII: DAMN
(45:52 / All) Gobiner: too bad you got 0 skills
(45:59 / All) APM600: 1v1 
(46:01 / All) APM600: loser suicide
(46:02 / All) APM600: any day
(46:03 / All) Gobiner: sure
(56:01 / All) kunt.roII: LOL
(56:21 / Allies) kunt.roII: lets
(56:23 / Allies) kunt.roII: kill something
(63:29 / Allies) MrFrosty: exp i gain by myself should be shared out to all your heroes
(64:30 / All) kunt.roII: 1000 hp nuke is imba
(64:45 / All) APM600: hu is just imba in general
(64:53 / All) APM600: if we didnt have a hu no way we could beat u
(64:54 / All) kunt.roII: if you actually had 600 apm
(64:56 / All) kunt.roII: or even 60
(64:58 / All) kunt.roII: you mighta won
(65:11 / All) kunt.roII: ps lol @ that comment
(65:19 / All) APM600: ps u are trash
(65:23 / All) MrFrosty: o
(65:25 / All) kunt.roII: ps ps 2ez nub
(65:27 / All) Gobiner: thanks for the free win :)
(67:44 / All) Gobiner: what happened to your 8000 gold?
(67:53 / All) APM600: down to 5k
(67:55 / All) ST.LOUIS.RAMS: 7k now arg fucking apm
(68:00 / All) kunt.roII: fuckkk
(68:50 / All) Gobiner: nice ams
(68:55 / All) Gobiner: very helpful
(71:19 / All) APM600: i say
(71:24 / All) APM600: we just to to my towers
(77:00 / All) Gobiner: wheres ur gold now shitnoobs?
(77:03 / Allies) kunt.roII: jhahahah
(77:10 / All) kunt.roII: hey i got a joke for u
(77:12 / All) kunt.roII: u like jokes?
(77:13 / All) Gobiner: can't afford to revive shitr
(77:21 / All) kunt.roII: whats green red and blue
(77:26 / All) kunt.roII: and is terrible at warcraft 3
(77:51 / All) ST.LOUIS.RAMS: gtg to work anyways.. arg lose to noobs gl 
(77:53 / All) MrFrosty: booyah
(77:57 / All) kunt.roII: k bye
(78:00 / All) Gobiner: 2ez
(78:01 / All) Gobiner: nub
(78:08 / All) MrFrosty: clan lra always loses fyi
(78:14 / All) Gobiner: clan lra is a birdnoob clan
(78:37 / Allies) Gobiner: level 10 club
(78:44 / All) MrFrosty: ps we mined about 1/3 of what you did and we have 2k gold left
(78:55 / All) Gobiner: dumb noobs lost 8k to upkeep maybe
(79:01 / All) MrFrosty: more than 8k
(79:23 / All) MrFrosty: 2 e z
(79:24 / All) Gobiner: goodbye noobs
(79:28 / All) Gobiner: come back when you got skills
(80:38 / All) MrFrosty: ps. mention to st.louis rams that i agree with his anti wartraining stance
(80:49 / All) MrFrosty: its cruel to make animals take that much punishment
(80:51 / All) kunt.roII: animals are people too
(81:57 / All) Gobiner: build some farms
(82:01 / All) Gobiner: we love that game
(82:09 / All) Gobiner: its like "where's waldo's farm??"
(82:09 / Allies) MrFrosty: mk does real mean damage
(84:08 / All) Gobiner: are you googling a drophack or what?
(84:18 / All) Gobiner: you're allowed to leave after you get destroyed
(84:41 / All) APM600: watching blow
(84:47 / All) APM600: johnny depp is so sexy
(84:51 / All) Gobiner: more like blowing someone
(85:04 / All) APM600: oh burn
(85:05 / All) APM600: good one
(85:12 / All) kunt.roII: i can see why 1st panzer div thinks his clan is trash
(85:20 / All) APM600: lol panzer
(85:25 / All) APM600: thinks hes the best player in bnet
(85:31 / All) kunt.roII: well hes better than all of u
(85:36 / All) APM600: but ya lra zzz
(85:49 / All) APM600: rams only invites 50% or less
(86:03 / All) APM600: req 2000 games <50%
(86:06 / All) kunt.roII: well hes not a hypocrite im sure he falls in that catacory
(86:11 / All) Gobiner: only 50% or less would want to be in such a shitty clan
(86:23 / All) APM600: ive been begged
(86:33 / All) APM600: to join lux naor lnr ams ect
(86:38 / All) Gobiner: "please I know I am 35% but please invite"
(86:38 / All) APM600: too many to remember
(86:53 / All) APM600: always same answer
(86:56 / All) APM600: lra to play with friends
(87:01 / All) Gobiner: "sorry busy suckin dicks"
(87:09 / All) kunt.roII: lux is pretty bad too
(87:17 / All) APM600: says cpt 50%
(87:24 / All) kunt.roII: im professional
(87:24 / All) Gobiner: check our stats noobie
(87:29 / All) kunt.roII: just not teals
(87:31 / All) APM600: heh
(87:50 / All) APM600: teal looked like a noob this game
(88:00 / All) Gobiner: u did
(88:02 / All) APM600: b/c hes the only one without invincible heroes
(88:06 / All) APM600: k
(88:09 / All) kunt.roII: hhahahahha
(88:18 / All) APM600: i was trying to make u feel better
(88:24 / All) APM600: after losing ur bm like 100x
(88:28 / All) MrFrosty: 1v1 scrub?
(88:31 / All) APM600: k
(88:34 / All) APM600: paypal
(88:35 / All) APM600: $500
(88:37 / All) MrFrosty: watch yourself dodge
(88:40 / All) Gobiner: I was trying to make you feel better after pushing 2 bases and losing :)